 Dungeon Crawl Stone Soup version 0.31.0-12-g77e489cdc1 (webtiles) character file.

Game seed: 17865529828658956842

501 Doomgape the Trooper (level 7, -1/45 HPs)
             Began as a Gargoyle Fighter on Feb 16, 2024.
             Slain by a black bear (2 damage)
             ... on level 5 of the Dungeon on Feb 17, 2024.
             The game lasted 00:08:29 (3013 turns).

Doomgape the Trooper (Gargoyle Fighter)             Turns: 3013, Time: 00:08:29

Health: -1/45      AC: 12    Str: 24    XL:     7   Next: 17%
Magic:  7/7        EV:  9    Int:  8    God:
Gold:   170        SH:  9    Dex:  9    Spells: 6/6 levels left

rFire   . . .        a - +0 flail
rCold   . . .        c - +0 buckler
rNeg    + . .        b - +0 scale mail
rPois   ∞            (no helmet)
rElec   +            (no cloak)
rCorr   .            (no gloves)
SInv    .            (no boots)
Will    +....        f - amulet "Ywen" {Reflect *Corrode rElec Regen+ Str+2 SH+5} Stlth
                     (no ring)
HPRegen 1.07/turn    (no ring)
MPRegen 0.10/turn

%: corrode self (3%), reflection
@: enlightened, flying
A: sickness immunity, AC +4, negative energy resistance 1, electricity
resistance, torment resistance 1, petrification resistance
a: no special abilities


You were on level 5 of the Dungeon.
You visited 1 branch of the dungeon, and saw 5 of its levels.

You collected 170 gold pieces.

Inventory:

Hand Weapons
 a - a +0 flail (weapon)
Armour
 b - a +0 scale mail (worn)
 c - a +0 buckler (worn)
Jewellery
 f - the amulet "Ywen" (around neck) {Reflect *Corrode rElec Regen+ Str+2 SH+5}
   (You acquired it on level 3 of the Dungeon)

   [amulet of reflection]

   Reflect:   It reflects blocked missile attacks.
   Str+2:     It affects your strength (+2).
   rElec:     It insulates you from electricity.
   Regen+:    It increases your rate of health regeneration.
   *Corrode:  It may corrode you when you take damage.
   SH+5:      It affects your SH (+5).
Scrolls
 e - 5 scrolls of identify
 h - 3 scrolls of torment {unknown}
 j - a scroll of silence
 l - a scroll of noise {unknown}
 n - a scroll of enchant weapon {unknown}
Potions
 d - 2 potions of might
 g - a potion of mutation {unknown}
 i - a potion of cancellation {unknown}
 k - a potion of enlightenment
 m - a potion of resistance {unknown}


   Skills:
 + Level 5.7 Fighting
 + Level 4.5 Maces & Flails
 + Level 5.6 Armour
 - Level 3.2 Shields


You had 6 spell levels left.
You didn't know any spells.
Your spell library contained the following spells:

 Spells                   Type           Power      Damage    Failure   Level
 Slow                     Hex            0%         N/A       77%         1
 Mercury Vapours          Alch/Air       0%         N/A       88%         2
 Confusing Touch          Hex            0%         N/A       98%         3
 Mephitic Cloud           Conj/Alch/Air  0%         N/A       98%         3
 Sigil of Binding         Hex            0%         N/A       98%         3
 Vampiric Draining        Necr           0%         2d6       98%         3
 Freezing Cloud           Conj/Ice/Air   0%         6-21      100%        5


Dungeon Overview and Level Annotations

Branches:
Dungeon (5/15)
 Temple: D:4-7

Altars:
Sif Muna


Innate Abilities, Weirdness & Mutations

You are immune to sickness and miasma.
Your stone body is resilient. (AC +4)
You are immune to poison.
You resist negative energy. (rN+)
You are resistant to electric shocks. (rElec)
You are resistant to unholy torment.
You are immune to petrification.


Message History

The black bear claws you but does no damage.
The black bear bites you. You block the black bear's attack.
The black bear claws you.
You hit the black bear.
The black bear is severely wounded.
The black bear bites you! The black bear claws you.
You block the black bear's attack.
The black bear bites you but does no damage.
You block the black bear's attack.
The black bear claws you but does no damage.
You hit the black bear.
The black bear is severely wounded.
The black bear bites you!
The black bear claws you but does no damage.
The black bear claws you.
* * * LOW HITPOINT WARNING * * *
The black bear bites you.
* * * LOW HITPOINT WARNING * * *
You block the black bear's attack. The black bear claws you.
* * * LOW HITPOINT WARNING * * *
Unknown command.
It was a potion of enlightenment.
You feel very buoyant.
You fly up into the air.
The black bear bites you.
* * * LOW HITPOINT WARNING * * *
The black bear claws you but does no damage.
You block the black bear's attack.
Unknown command.
Okay, then.
You closely miss the black bear.
The black bear is severely wounded.
The black bear barely misses you.
The black bear claws you but does no damage.
The black bear claws you.
* * * LOW HITPOINT WARNING * * *
The black bear bites you.
* * * LOW HITPOINT WARNING * * *
The black bear claws you but does no damage.
The black bear claws you.
You die...

#############
#....##.....#
######....##.....###
....................
#.....)@.........#
......h.####.....#
.#####.## #.....#
##. #.....# #..###
#.)...#
......##.##### ....
#....# # .#..#
###..## .. ##...#


You could see a black bear (berserk).

Vanquished Creatures
  An ogre (D:5)
  2 scorpions
  A howler monkey (D:4)
  A hound (D:3)
  Jessica (D:2)
  2 iguanas (D:4)
  3 gnolls (D:2)
  6 adders
  2 dart slugs (D:3)
  3 ribbon worms
  4 orcs
  2 ball pythons
  6 endoplasms
  3 giant cockroaches
  4 goblins
  5 hobgoblins
  6 jackals
  6 kobolds
  2 quokkas
  5 bats
  3 frilled lizards (D:1)
  6 rats
74 creatures vanquished.

Notes
Turn   | Place    | Note
-------+----------+-------------------------------------------
     0 | D:1      | Doomgape the Gargoyle Fighter began the quest for the Orb.
     0 | D:1      | Reached XP level 1. HP: 14/14 MP: 1/1
   158 | D:1      | Reached XP level 2. HP: 19/19 MP: 2/2
   715 | D:1      | Reached XP level 3. HP: 20/24 MP: 3/3
   873 | D:2      | Noticed Jessica
   878 | D:2      | Killed Jessica
   915 | D:2      | Reached XP level 4. HP: 18/29 MP: 4/4
  1660 | D:3      | Reached XP level 5. HP: 33/34 MP: 5/5
  1750 | D:3      | Found a shimmering blue altar of Sif Muna.
  1894 | D:3      | Identified a scroll of acquirement
  1894 | D:3      | Acquired the amulet "Ywen" {Reflect *Corrode rElec Regen+
                  | Str+2 SH+5}
  2287 | D:4      | Reached skill level 5 in Fighting
  2287 | D:4      | Reached skill level 5 in Armour
  2287 | D:4      | Reached XP level 6. HP: 36/40 MP: 6/6
  2968 | D:5      | Entered Level 5 of the Dungeon
  2997 | D:5      | Noticed a black bear
  3005 | D:5      | Reached XP level 7. HP: 45/45 MP: 7/7
  3013 | D:5      | HP: 1/45 [black bear (5)]
  3013 | D:5      | Slain by a black bear

Illustrated notes

Levels and vault maps discovered:
D:1:      ldierk_walled_garden, layout_basic, patterned_corridor
D:2:      layout_loops_cross, minmay_liquid_box, uniq_jessica
D:3:      layout_rooms, mainiacjoe_overflow_six_doors_small,
          hangedman_feature_mirror, hangedman_decor_diamond_cutter,
          chequers_serial_rivers_small_a, nicolae_wormholes
D:4:      layout_loops_ring
D:5:      layout_rooms, minmay_shop_grid_forest, minmay_crossroads

Skill      XL: |  1  2  3  4  5  6 |
---------------+-------------------+-----
Fighting       | 4 5 |  5.7
Armour         | 4 5 |  5.6
Maces & Flails | 3 4 |  4.5
Shields        | |  3.2

Action                     |  1- 3 |  4- 6 |  7- 9 || total
---------------------------+-------+-------+-------++-------
  Melee: Flail             |    66 |   218 |     8 ||   292
    Use: Scroll            |       |     5 |       ||     5
         Potion            |       |       |     1 ||     1
 Armour: Scale mail        |    45 |   151 |    28 ||   224
  Dodge: Dodged            |    42 |   105 |     1 ||   148
  Block: Buckler           |     9 |    82 |    10 ||   101
         Reflection        |       |     1 |       ||     1
